 Dungeon Sprint DCSS version 0.30-a0-116-g3b1a8e4ee4 (webtiles) character file.

Game seed: 6205265241737280528

390 rocky1 the Carver (level 7, 0/49 HPs)
             Began as a Djinni Gladiator on Sept 13, 2022.
             Was an Initiate of Okawaru.
             Slain by a shadow (25 damage)
             ... in the Dungeon (Sprint III: "The Ten Rune Challenge").
             The game lasted 00:03:50 (1008 turns).

rocky1 the Carver (Djinni Gladiator)                Turns: 1008, Time: 00:03:50

Health: 0/49       AC:  4    Str: 13    XL:     7   Next: 7%
Gold:   9          EV: 13    Int: 10    God:    Okawaru [......] SH:  0 Dex: 16

rFire   + + .      SeeInvis .    a - +0 long sword
rCold   x . .      Faith    .    (no shield)
rNeg    . . .      Spirit   .    b - +0 leather armour
rPois   ∞          Reflect  .    c - +0 helmet
rElec   .          Harm     .    (no cloak)
rCorr   .          Rampage  .    (no gloves)
Will    .....      NoTele   +    (boots unavailable)
Stlth   +.........               (no amulet)
HPRegen 0.16/turn                (no ring)
MPRegen 0.00/turn                (no ring)

@: flying
A: sickness immunity, fire resistance 2, cold vulnerability 1, float, innate
caster, HP casting, extra vitality 1
a: Renounce Religion


You were in the Dungeon.
You worshipped Okawaru.
Okawaru was noncommittal.
You visited 1 branch You collected 9 gold pieces.

Inventory:

Hand Weapons
 a - a +0 long sword (weapon)
Missiles
 e - a javelin (quivered)
Armour
 b - a +0 leather armour (worn)
 c - a +0 helmet (worn)
Scrolls
 h - 2 scrolls of immolation {unknown}
 j - a scroll of blinking
 k - 3 scrolls of vulnerability {unknown}
 l - 2 scrolls of identify
Potions
 f - a potion of curing
 g - 4 potions of mutation {unknown}


   Skills:
 + Level 2.1 Fighting
 + Level 10.8 Long Blades
 - Level 1.7 Throwing
 + Level 0.0 Armour
 + Level 3.7 Dodging
 + Level 0.0 Stealth
 + Level 6.0 Spellcasting
 + Level 0.0 Invocations


You had 12 spell levels left.
You knew the following spells:

 Your Spells              Type           Power      Damage    Failure   Level
a - Sandblast             Erth           30%        2d9       2%          1
b - Scorch                Fire           30%        2d7       3%          2
c - Dazzling Flash        Conj/Hex       30%        N/A       6%          3
Your spell library was empty.

Dungeon Overview and Level Annotations

Branches:
Dungeon (1/1)

Altars:
Okawaru
Trog
Uskayaw
Wu Jian


Innate Abilities, Weirdness & Mutations

You are immune to sickness and miasma.
You are immune to poison.
Your flesh is very heat resistant. (rF++)
You are vulnerable to cold. (rC-)
You float through the air rather than walking.
You learn spells naturally, not from books.
Your magical power is your life essence.
You have superior vitality. (+4 MHP)


Message History

There is a roughly hewn altar of Beogh here.
You see here a +0 mace.
There is an ornate altar of the Wu Jian Council here.
You see here a +0 helmet.
There is a bloodstained altar of Trog here.
There is an iron altar of Okawaru here.
You hover solemnly before the altar of Okawaru.
Okawaru welcomes you!
There is a hide-covered altar of Uskayaw here.
There is an open door here.
You reach down and open the door.
A jelly comes into view.
A shadow comes into view.
The jelly quivers.
The shadow slips into darkness.
The shadow flickers and vanishes!
Deactivating autopickup; reactivate with Ctrl-A.
There is an open door here.
The shadow strikes at you from the darkness!
Reactivating autopickup.
You slash the shadow!
The shadow is moderately damaged.
The shadow closely misses you.
You slash the shadow!
The shadow is severely damaged.
The shadow closely misses you.
You closely miss the shadow.
The shadow is severely damaged.
You hit the shadow.
The shadow is almost destroyed.
The shadow hits you!
You barely miss the shadow.
The shadow is almost destroyed.
The shadow slips into darkness.
The shadow flickers and vanishes!
Deactivating autopickup; reactivate with Ctrl-A.
You hit something but do no damage.
The shadow strikes at you from the darkness!
Ouch! That really hurt!
You die...

▓ ▓▓▓ ♣ ♣.# ##### ♣
♣.# #___# ♣♣ ♣♣.#
#__)#
~♣♣♣♣..###+#'###+##
~.♣.♣♣.#..........#
~~.♣...'.⌠......@.#
≈÷~~♣..#...######{#
~~~....#.⌠.# #...#
~~.....#...# #...#
.......#+### #...#
.......# #...+
.......# +...#
▓▓▓▓▓▓▓▓ ▓▓▓▓▓


There were no monsters in sight!

Vanquished Creatures
  A water elemental (D)
  Jessica (D)
  3 humans (D)
  A wolf (D)
  An endoplasm (D)
  2 rats (D)
9 creatures vanquished.

Notes
Turn   | Place    | Note
-------+----------+-------------------------------------------
     0 | D        | rocky1 the Djinni Gladiator began the quest for the Orb.
     0 | D        | Reached XP level 1. HP: 18/18 MP: 0/0
     8 | D        | Reached skill level 3 in Long Blades
    15 | D        | Noticed Jessica
    21 | D        | Killed Jessica
    22 | D        | Reached skill level 5 in Long Blades
    22 | D        | Reached XP level 2. HP: 10/23 MP: 0/0
    22 | D        | Reached XP level 3. HP: 13/28 MP: 0/0
    22 | D        | Learned a level 1 spell: Sandblast
   264 | D        | Reached skill level 6 in Long Blades
   264 | D        | Reached XP level 4. HP: 17/33 MP: 0/0
   446 | D        | Noticed a water elemental
   452 | D        | Killed a water elemental
   453 | D        | Reached skill level 7 in Long Blades
   453 | D        | Reached XP level 5. HP: 23/38 MP: 0/0
   453 | D        | Learned a level 2 spell: Scorch
   639 | D        | Found a hide-covered altar of Uskayaw.
   639 | D        | Found an iron altar of Okawaru.
   639 | D        | Found a bloodstained altar of Trog.
   639 | D        | Found an ornate altar of the Wu Jian Council.
   639 | D        | Noticed a human
   639 | D        | Noticed a human
   667 | D        | Killed a human
   668 | D        | Reached skill level 9 in Long Blades
   668 | D        | Reached skill level 5 in Spellcasting
   668 | D        | Reached XP level 6. HP: 21/43 MP: 0/0
   684 | D        | Killed a human
   685 | D        | Reached skill level 10 in Long Blades
   685 | D        | Reached XP level 7. HP: 5/49 MP: 0/0
   685 | D        | Learned a level 3 spell: Dazzling Flash
   982 | D        | Became a worshipper of Warmaster Okawaru
  1000 | D        | Noticed a shadow
  1008 | D        | Slain by a shadow

Illustrated notes

Levels and vault maps discovered:
D:        dungeon_sprint_mu [sprint_mu_entry_forest, sprint_mu_temple_rooms,
          sprint_mu_d1_horrors, sprint_mu_d2_genie, sprint_mu_d3_branching,
          sprint_mu_orc_legion, sprint_mu_elf_gauntlet, sprint_mu_hive_nellie,
          sprint_mu_lair_fedhas, sprint_mu_vaults_butterflies,
          sprint_mu_slime_circle, sprint_mu_swamp_cave, sprint_mu_shoals_kraken,
          sprint_mu_blade_basic, sprint_mu_crypt_lich, sprint_mu_tomb_spiral,
          sprint_mu_vestibule_basic, sprint_mu_gehenna_hellfire,
          sprint_mu_dis_giant, sprint_mu_tartarus_statrot,
          sprint_mu_cocytus_islands, sprint_mu_zot1]

Skill      XL: |  1  2  3  4  5  6 |
---------------+-------------------+-----
Long Blades    | 5 6 7 9 10 | 10.8
Spellcasting   | 2 3 5 6 |  6.0
Fighting       | |  2.1
Throwing       | |  1.7
Dodging        | |  3.7

Action                   |  1- 3 |  4- 6 |  7- 9 || total
-------------------------+-------+-------+-------++-------
Melee: Long sword        |    43 |    27 |     6 ||    76
       Punch             |       |     1 |       ||     1
Throw: Throwing net      |     4 |     1 |       ||     5
       Javelin           |     1 |       |       ||     1
 Cast: Sandblast         |       |     3 |       ||     3
  Use: Potion            |     2 |     1 |       ||     3
Armor: Leather armour    |     3 |     3 |       ||     6
Dodge: Dodged            |    19 |     9 |     2 ||    30

Table legend: (Time is in decaauts)
 A = Elapsed time spent in this place.
 B = Non-inter-level travel time spent in this place.
 C = Inter-level travel time spent in this place.
 D = Time resting spent in this place.
 E = Time spent auto-exploring this place.
 F = Levels seen in this place.
 G = Mean time per level.
                   A        B        C        D        E       F      G
               +--------+--------+--------+--------+--------+-----+--------+
         Total |   1004 |   1004 |      0 |    757 |      0 |   1 | 1004.0 |
       Dungeon |   1004 |   1004 |      0 |    757 |      0 |   1 | 1004.0 |
               +--------+--------+--------+--------+--------+-----+--------+

Top non-repeatable levels by time:
       D: 1004 daAuts
